 Dungeon Crawl Stone Soup version 0.27-a0-1105-g946c659c87 (webtiles) character file.

Game seed: 17576103373027146789

2 DogServant the Magician (level 1, -4/15 HPs)
             Began as a Djinni Ice Elementalist on Apr 29, 2021.
             Slain by a gnoll
             ... wielding a +0 club
              (5 damage)
             ... on level 1 of the Dungeon.
             The game lasted 00:00:13 (108 turns).

DogServant the Magician (Djinni Ice Elementalist)    Turns: 108, Time: 00:00:14

Health: -4/15      AC:  2    Str:  7    XL:     1   Next: 40%
Gold:   0          EV:  9    Int: 16    God:
                   SH:  0    Dex: 13

rFire    + + .     SeeInvis .   (no weapon)
rCold    x . .     Faith    .   (no shield)
rNeg     . . .     Spirit   .   a - +0 robe
rPois    ∞         Reflect  .   (no helmet)
rElec    .         Harm     .   (no cloak)
rCorr    .         Rampage  .   (no gloves)
Will     .....                  (boots unavailable)
Stlth    ++........             (no amulet)
HPRegen  0.05/turn              (no ring)
MPRegen  0.00/turn              (no ring)

@: flying, constricted
A: fire resistance 2, cold vulnerability 1, float, innate caster, hp casting,
extra vitality 1
a: no special abilities


You were on level 1 of the Dungeon.
You visited 1 branch of the dungeon, and saw 1 of its levels.

Inventory:

Armour
 a - a +0 robe (worn)


   Skills:
 + Level 2.2 Dodging
 + Level 1.5 Stealth
 + Level 3.7 Spellcasting


You couldn't memorise any spells.
You knew the following spells:

 Your Spells              Type           Power      Damage    Failure   Level
a - Freeze                Ice            56%        1d7       3%          1
b - Frozen Ramparts       Ice            28%        1d4       12%         3
c - Ozocubu's Armour      Ice            14%        N/A       12%         3
d - Hailstorm             Conj/Ice       14%        3d5       36%         4
e - Metabolic Englaciati  Hex/Ice        7%         N/A       71%         5
Your spell library was empty.

Dungeon Overview and Level Annotations

Branches:
Dungeon (1/15)

Altars:


Innate Abilities, Weirdness & Mutations

You are immune to poison.
Your flesh is very heat resistant. (rF++)
You are vulnerable to cold. (rC-)
You float through the air rather than walking.
You learn spells naturally, not from books.
Your magical power is your life essence.
You have superior vitality. (+4 HP)


Message History

The gnoll shouts!
You hear an angry hiss.
A ball python comes into view.
The gnoll hits you with a +0 club.
Casting: Freeze (safe; 3% risk of failure)
Confirm with . or Enter, or press ? or * to list all spells.
Aiming: Freeze (safe; 3% risk of failure)
Press: ? - help, Shift-Dir - straight line, f - gnoll
Aim: a gnoll, wielding a +0 club You freeze the gnoll.
The gnoll is lightly wounded.
The gnoll hits you with a +0 club.
The ball python bites you but does no damage.
The ball python grabs you. The ball python constricts you.
Casting: Freeze (safe; 3% risk of failure)
Confirm with . or Enter, or press ? or * to list all spells.
Aiming: Freeze (safe; 3% risk of failure)
Press: ? - help, Shift-Dir - straight line, f/p - gnoll
Aim: a gnoll, wielding a +0 club (lightly wounded)
You freeze the gnoll.
The gnoll is heavily wounded.
The ball python bites you.
* * * LOW HITPOINT WARNING * * *
The ball python constricts you. The gnoll hits you with a +0 club.
* * * LOW HITPOINT WARNING * * *
Casting: Freeze (safe; 3% risk of failure)
Confirm with . or Enter, or press ? or * to list all spells.
You don't have enough health to cast this spell.
Unknown command.
Unknown command.
Casting: Freeze (safe; 3% risk of failure)
Confirm with . or Enter, or press ? or * to list all spells.
You don't have enough health to cast this spell.
Unknown command.
Unknown command.
You aren't carrying any potions.
You hit the gnoll.
The gnoll is heavily wounded.
The ball python bites you but does no damage.
The ball python constricts you. The gnoll hits you with a +0 club.
You die...

###### #....# #.##.#
##############
##.##.###...##...#!...
...##.##...........#
....#.#............#..#
.##.............@g...#
.###.#.......>...S..##
.# #.#.#..........#.#
## #.#.##...#....## #
#...######.#### ###..
..# ##. ###. . . ####


You could see a gnoll and a ball python.

Vanquished Creatures
  An endoplasm (D:1)
  A ball python (D:1)
  A frilled lizard (D:1)
3 creatures vanquished.

Notes
Turn   | Place    | Note
-------+----------+-------------------------------------------
     0 | D:1      | DogServant the Djinni Ice Elementalist began the quest for
                  | the Orb.
     0 | D:1      | Reached XP level 1. HP: 15/15 MP: 0/0
   108 | D:1      | Slain by a gnoll

Illustrated notes

Levels and vault maps discovered:
D:1:      mushboom_english_gardens, layout_rooms

Action                   || total
-------------------------++-------
Melee: Unarmed           ||     1
 Cast: Freeze            ||     5
Armor: Robe              ||     2

Table legend: (Time is in decaauts)
 A = Elapsed time spent in this place.
 B = Non-inter-level travel time spent in this place.
 C = Inter-level travel time spent in this place.
 D = Time resting spent in this place.
 E = Time spent auto-exploring this place.
 F = Levels seen in this place.
 G = Mean time per level.
                   A        B        C        D        E       F      G
               +--------+--------+--------+--------+--------+-----+--------+
         Total |    108 |    108 |      0 |      0 |     87 |   1 |  108.0 |
       Dungeon |    108 |    108 |      0 |      0 |     87 |   1 |  108.0 |
               +--------+--------+--------+--------+--------+-----+--------+

Top non-repeatable levels by time:
     D:1: 108 daAuts
